 Dungeon Crawl Stone Soup version 0.22-a0-149-g870e420 (webtiles) character file.

1423 TheDeThijs the Basher (level 8, -8/64 HPs)
             Began as a Minotaur Berserker on Feb 7, 2018.
             Was a Priest of Trog.
             Mangled by an ogre
             ... wielding a +0 giant club
              (18 damage)
             ... on level 6 of the Dungeon.
             The game lasted 00:21:38 (5302 turns).

TheDeThijs the Basher (Minotaur Berserker)          Turns: 5302, Time: 00:21:39

Health: -8/64      AC:  6    Str: 22    XL:     8   Next: 44%
Magic:  7/7        EV: 10    Int:  6    God:    Trog [***...]
Gold:   239        SH:  0    Dex: 12    Spells: 7/7 levels left

rFire    . . .     SeeInvis .   t - +1 flail
rCold    . . .     Gourm    .   (no shield)
rNeg     . . .     Faith    .   f - +0 scale mail
rPois    .         Spirit   .   (helmet restricted)
rElec    .         Reflect  .   (no cloak)
rCorr    .         Harm     .   (no gloves)
MR       +++..                  (no boots)
Stlth    ..........             i - amulet of magic regeneration
HPRegen  1.20/turn              p - +2 ring of slaying
MPRegen  0.35/turn              (no ring)

@: berserk cooldown, regenerating, slowed, very slow
A: retaliatory headbutt, horns 2, clever 1, magic resistance 1
a: Berserk, Trog's Hand, Burn Spellbooks, Renounce Religion


You were on level 6 of the Dungeon.
You worshipped Trog.
Trog was most pleased with you.
You were not hungry.

You visited 2 branches of the dungeon, and saw 7 of its levels.

You collected 239 gold pieces.

Inventory:

Hand Weapons
 t - a +1 flail (weapon)
Missiles
 h - 3 steel javelins
 j - 178 stones (quivered)
 u - 2 javelins
 w - 6 javelins of returning
Armour
 f - a +0 scale mail (worn)
Jewellery
 i - an amulet of magic regeneration (around neck)
 p - a +2 ring of slaying (left hand)
Scrolls
 d - 3 scrolls of identify
 k - 4 scrolls of remove curse
 r - a scroll of enchant weapon
Potions
 o - 2 potions of mutation
Comestibles
 c - 11 rations


   Skills:
 - Level 3.6 Fighting
 * Level 11.6 Maces & Flails
 - Level 4.0 Throwing
 - Level 2.4 Armour
 - Level 2.1 Dodging
 - Level 1.1 Stealth


You had 7 spell levels left.
You didn't know any spells.

Dungeon Overview and Level Annotations

Branches:
Dungeon (6/15)             Temple (1/1) D:6

Altars:
Ashenzari
Cheibriados
Elyvilon
Fedhas
Gozag
Hepliaklqana
Kikubaaqudgha
Makhleb
Nemelex Xobeh
Qazlal
Ru
Sif Muna
Trog
Uskayaw
Vehumet
Wu Jian
Xom
Yredelemnul
Zin
The Shining One

Shops:
D:5 *   D:6 !


Innate Abilities, Weirdness & Mutations

You reflexively headbutt those who attack you in melee.
You have a pair of horns on your head.
Your mind is acute. (Int +2)
You are resistant to hostile enchantments. (MR+)


Message History

You sock the bullfrog!
The bullfrog is heavily wounded.
The ogre barely misses you. The bullfrog hits you!
* * * LOW HITPOINT WARNING * * *
The bullfrog misses you.
You're too hungry.
You eat one of the 12 rations.
That ration really hit the spot!
The ogre completely misses you. The bullfrog misses you.
The bullfrog barely misses you. The ogre closely misses you.
Your skin crawls.
You feel resistant to hostile enchantments.
You feel somewhat more hungry.
The bullfrog hits you but does no damage. x2
The ogre closely misses you.
Okay, then.
You sock the bullfrog!
You kill the bullfrog!
Trog accepts your kill. The ogre hits you with a giant club!!
You die...

############ #..........##
#...........#
#...........## ######
#.......###..# #....#
##.......#∩'..#######....#
.§≈§.....###...†@OZZo....#
≈≈§≈≈........########....#
≈≈≈≈≈§.......# #....#
§≈>§§≈.####### #.Z.##
≈≈≈§≈≈.# ....... ≈≈§≈≈..#
###.###..# .≈≈≈....# .. .#
#....##... .>. # ####.#
...# .O.


You could see an ogre, an orc priest, an adder zombie and a water moccasin
skeleton.

Vanquished Creatures
  A sky beast (D:6)
  A centaur (D:5)
  2 ogres
  3 phantoms
  A bullfrog (D:6)
  A howler monkey (D:5)
  A crimson imp (D:5)
  2 bullfrog skeletons (D:4)
  4 hounds
  An orc priest (D:4)
  An orc wizard (D:6)
  Jessica (D:2)
  2 iguanas
  Natasha (twice) (D:2)
  6 worker ants
  7 adders
  A shadow imp (D:6)
  An ooze (D:3)
  2 worms
  6 leopard geckos
  13 orcs
  7 bats
  6 giant cockroaches
  6 goblins
  5 hobgoblins
  10 jackals
  4 kobolds
  3 quokkas
  2 ball pythons (D:4)
  4 frilled lizards
  6 rats
  A fungus (D:4)
113 creatures vanquished.

Notes
Turn   | Place    | Note
-------+----------+-------------------------------------------
     0 | D:1      | TheDeThijs the Minotaur Berserker began the quest for the Orb.
     0 | D:1      | Reached XP level 1. HP: 19/19 MP: 0/0
   116 | D:1      | Reached skill level 4 in Maces & Flails
   119 | D:1      | Reached XP level 2. HP: 22/26 MP: 1/1
   309 | D:1      | Reached skill level 1 in Throwing
   496 | D:2      | Noticed Natasha
   506 | D:2      | Killed Natasha
   506 | D:2      | Reached ** piety under Trog
   506 | D:2      | Reached skill level 5 in Maces & Flails
   506 | D:2      | Reached XP level 3. HP: 12/31 MP: 2/2
  1011 | D:2      | Found a shimmering altar of Xom.
  1109 | D:2      | Found a blossoming altar of Fedhas.
  1158 | D:2      | Noticed Jessica
  1165 | D:2      | Killed Jessica
  1165 | D:2      | Reached XP level 4. HP: 39/39 MP: 3/3
  1376 | D:2      | Noticed an ogre
  1535 | D:2      | Killed an ogre
  1535 | D:2      | Reached skill level 6 in Maces & Flails
  1535 | D:2      | Reached XP level 5. HP: 45/45 MP: 4/4
  1665 | D:2      | Found a stormy altar of Qazlal.
  1667 | D:2      | Noticed Natasha
  1674 | D:2      | Killed Natasha
  1674 | D:2      | Reached skill level 7 in Maces & Flails
  1683 | D:2      | Noticed a water elemental
  1716 | D:2      | Noticed an air elemental
  1716 | D:2      | Noticed a fire elemental
  3116 | D:4      | Gained mutation: You are resistant to hostile enchantments. (MR+) [potion of mutation]
  3116 | D:4      | Gained mutation: Your mind is acute. (Int +2) [potion of mutation]
  3170 | D:4      | Reached XP level 6. HP: 49/51 MP: 5/5
  3283 | D:4      | Reached skill level 8 in Maces & Flails
  3340 | D:4      | Reached skill level 1 in Stealth
  3436 | D:4      | Reached XP level 7. HP: 52/57 MP: 6/6
  3854 | D:4      | Reached skill level 9 in Maces & Flails
  4041 | D:5      | Entered Level 5 of the Dungeon
  4452 | D:5      | Reached *** piety under Trog
  4470 | D:5      | Reached skill level 10 in Maces & Flails
  4509 | D:5      | Found Zin's Purification Station.
  4512 | D:5      | Found a glowing silver altar of Zin.
  4694 | D:5      | Reached XP level 8. HP: 53/64 MP: 7/7
  5056 | D:6      | Found a staircase to the Ecumenical Temple.
  5069 | D:6      | Reached skill level 11 in Maces & Flails
  5072 | Temple   | Entered the Ecumenical Temple
  5255 | D:6      | Found Doecounkiss's Distillery.
  5288 | D:6      | Paralysed by fainting for 5 turns
  5302 | D:6      | Mangled by an ogre

Vault maps used:
D:1:      tarquinn_simple_flora_water_a
D:2:      amethyst_overflow_temple_binary, nicolae_qazlal_style_of_elements,
          uniq_natasha, uniq_jessica
D:3:      serial_co_window_serial, co_window_paths_b, co_window_corner_a,
          co_window_corner_a, co_window_paths_a, co_window_corner_a,
          co_window_broadway_c, co_window_corner_b, co_window_broadway_b,
          co_window_of_opportunity_c, co_window_broadway_b, glass_columns_a,
          glass_columns_a, glass_columns_a, first_ration
D:4:      cheibrodos_old_hovel, minmay_gold_behind_fungi
D:5:      zin_purify, grunt_ministairs_5
D:6:      lemuel_doored_altar, minmay_temple_entry_mist, serial_shops,
          kennysheep_mini_moat, st_stairs_3, makhleb_altar_promises_db,
          uniq_blork_the_orc
Temple:   eino_temple_rhombus

Skill      XL: |  1  2  3  4  5  6  7  8 |
---------------+-------------------------+-----
Maces & Flails | 4 5 6 7 8 10 11 | 11.6
Throwing       | 1 2 3 4 |  4.0
Stealth        | 1 |  1.1
Fighting       | |  3.6
Armour         | |  2.4
Dodging        | |  2.1

Action                   |  1- 3 |  4- 6 |  7- 9 || total
-------------------------+-------+-------+-------++-------
Melee: Mace              |    39 |    66 |       ||   105
       Headbutt          |     6 |    22 |    17 ||    45
       Flail             |       |    33 |    94 ||   127
       Unarmed           |       |     1 |       ||     1
Throw: Stone             |    41 |    60 |    61 ||   162
       Javelin           |       |     7 |     2 ||     9
Invok: Berserk           |     1 |     2 |     2 ||     5
       Trog's Hand       |       |       |     2 ||     2
  Use: Potion            |       |     6 |     4 ||    10
       Scroll            |       |     6 |     4 ||    10
 Stab: Sleeping          |       |     1 |       ||     1
  Eat: Chunk             |     1 |     9 |     6 ||    16
       Ration            |       |       |     1 ||     1
Armor: Animal skin       |    16 |     6 |       ||    22
       Skin              |       |     1 |       ||     1
       Leather armour    |       |     7 |    12 ||    19
       Scale mail        |       |       |     7 ||     7
Dodge: Dodged            |    34 |    53 |    60 ||   147

Table legend:
 A = Spawn XP
 B = Non-spawn XP
 C = Spawn XP percentage of total XP
 D = Spawn monster count
 E = Non-spawn monster count
 F = Spawn count percentage of total count
 G = Total turns spent on level
                    A         B        C        D         E        F      G
               +---------+---------+-------+---------+---------+-------+---------
         Total |       0 |    2033 |   0.0 |       0 |     112 |   0.0 |  5302
               +---------+---------+-------+---------+---------+-------+---------
           D:1 |       0 |      46 |   0.0 |       0 |      21 |   0.0 |   598
           D:2 |       0 |     256 |   0.0 |       0 |      19 |   0.0 |  1301
           D:3 |       0 |      56 |   0.0 |       0 |      16 |   0.0 |  1097
           D:4 |       0 |     567 |   0.0 |       0 |      27 |   0.0 |  1309
           D:5 |       0 |     671 |   0.0 |       0 |      23 |   0.0 |   735
           D:6 |       0 |     437 |   0.0 |       0 |       6 |   0.0 |   102
               +---------+---------+-------+---------+---------+-------+---------
